 Dungeon Crawl Stone Soup version 0.30-a0-605-gb2882149bf (webtiles) character file.

Game seed: 9079332224651032175

347 OTABOTABOTAB the Insei (level 6, -1/38 HPs)
             Began as an Octopode Transmuter on Jan 7, 2023.
             Slain by an orc
             ... wielding a +0 trident
              (6 damage)
             ... on level 4 of the Dungeon.
             The game lasted 00:06:01 (3089 turns).

OTABOTABOTAB the Insei (Octopode Transmuter)        Turns: 3089, Time: 00:06:02

Health: -1/38      AC:  1    Str:  9    XL:     6   Next: 59%
Magic:  8/9        EV: 13    Int: 18    God:
Gold:   77         SH:  0    Dex: 12    Spells: 2/9 levels left

rFire   . . .      SeeInvis .      - Unarmed
rCold   . . .      Faith    .    (no shield)
rNeg    . . .      Spirit   .    (helmet currently unavailable)
rPois   .          Reflect  .    (no amulet)
rElec   .          Harm     .    f - ring of resist corrosion
rCorr   +          Rampage  .    (no ring)
Will    .....                    (no ring)
Stlth   ++                       (no ring)
HPRegen 0.26/turn                (no ring)
MPRegen 0.11/turn                (no ring)
                                 (no ring)
                                 (no ring)

@: appendages, on berserk cooldown, slowed, very slow
A: tentacle spike 3, almost no armour, amphibious, 8 rings, camouflage 1,
gelatinous body 1, (nimble swimmer 1), tentacles
a: End Transformation


You were on level 4 of the Dungeon.
One of your tentacles had grown a beastly spike.
You visited 1 branch of the dungeon, and saw 4 of its levels.

You collected 77 gold pieces.

Inventory:

Hand Weapons
 a - a +0 heavy sling
   (You found it on level 1 of the Dungeon)
 r - the +5 spear of Taophy {flame, rF+ MP-9 Str+2 Dex+2}
   (You found it on level 3 of the Dungeon)

   Str:       It affects your strength (+2).
   Dex:       It affects your dexterity (+2).
   rF:        It protects you from fire.
   MP:        It affects your magic capacity (-9).
Jewellery
 f - a ring of resist corrosion (left tentacle)
   (You found it on level 1 of the Dungeon)
 j - a ring of ice {rC+, rF-}
   (You found it on level 2 of the Dungeon)
Scrolls
 b - 2 scrolls of brand weapon
 d - a scroll of vulnerability {unknown}
 h - 3 scrolls of identify {unknown}
 k - 2 scrolls of teleportation {unknown}
 m - a scroll of blinking {unknown}
 n - 2 scrolls of fog {unknown}
 q - a scroll of noise {unknown}
 t - 3 scrolls of fear {unknown}
Potions
 e - a potion of might {unknown}
 g - a potion of lignification {!q}
 i - a potion of haste {unknown}
 l - a potion of berserk rage {!q}
 o - a potion of ambrosia {unknown}
 p - a potion of degeneration {unknown}
 s - a potion of flight {unknown}


   Skills:
 - Level 1.0 Fighting
 - Level 2.0 Dodging
 + Level 4.8 Unarmed Combat
 - Level 2.0 Spellcasting
 + Level 4.1 Transmutations
 + Level 3.5 Ice Magic


You had 2 spell levels left.
You knew the following spells:

 Your Spells              Type           Power      Damage    Failure   Level
a - Beastly Appendage     Tmut           32%        N/A       3%          1
b - Wereblood             Tmut           16%        N/A       4%          2
c - Ice Form              Ice/Tmut       15%        N/A       36%         4

Your spell library contained the following spells:

 Spells                   Type           Power      Damage    Failure   Level
 Slow                     Hex            4%         N/A       19%         1
 Spider Form              Tmut/Pois      9%         N/A       22%         3
 Ignite Poison            Fire/Tmut/Pois 6%         N/A       30%         3
 Confusing Touch          Hex            1%         N/A       47%         3
 Vampiric Draining        Necr           1%         2d6       47%         3
 Sticky Flame             Conj/Fire      1%         2d3       87%         4
 Ignition                 Fire           0%         3d3       100%        8


Dungeon Overview and Level Annotations

Branches:
Dungeon (4/15)
 Temple: D:4-7

Altars:
Fedhas
Qazlal
Trog
Wu Jian


Innate Abilities, Weirdness & Mutations

One of your tentacles has grown a beastly spike.
You cannot wear most types of armour.
You are amphibious.
You can wear up to eight rings at the same time.
Your skin changes colour to match your surroundings (Stealth+).
Your rubbery body absorbs attacks. (AC +1, EV +1)
((You are camouflaged when in or above water. (Stealth+)))
You have tentacles for arms and can constrict up to eight enemies at once.


Message History

Unknown command.
This spell is extremely dangerous to cast!
Memorise Ice Form, consuming 4 spell levels and leaving 2?
You start memorising the spell.
You continue memorising. x4
You finish memorising.
Spell assigned to 'c'.
A goblin comes into view. It is wielding a +0 dagger.
a - a +0 heavy sling (weapon)
You shoot a sling bullet. The sling bullet hits the goblin!
You kill the goblin!
A ball python comes into view.
You shoot a sling bullet. The sling bullet hits the ball python.
The ball python hisses angrily.
You shoot a sling bullet. The sling bullet hits the ball python!
You kill the ball python!
No target in view!
Found a stone staircase leading down.
You see here a ball python corpse.
A kobold comes into view.
It is wielding a +0 whip and quivering poisoned darts.
You shoot a sling bullet. The sling bullet hits the kobold.
The kobold shouts!
The kobold throws a poisoned dart.
The poisoned dart misses you.
You shoot a sling bullet.
The sling bullet closely misses the kobold.
The kobold throws a poisoned dart.
The poisoned dart misses you.
You shoot a sling bullet. The sling bullet hits the kobold.
You kill the kobold!
You hear a shout!
Ijyb the Twisted Goblin comes into view.
She is wielding a +0 dagger and carrying a wand of flame (10).
You hear a shout!
You shoot a sling bullet. The sling bullet closely misses Ijyb.
You shoot a sling bullet. The sling bullet closely misses Ijyb.
An orc priest comes into view. It is wielding a +0 hand axe.
You are now empty-tentacled.
Ijyb hits you with a +0 dagger.
You take 3 damage, and have 35/38 hp.
Unknown command.
a - a +0 heavy sling (weapon)
You are now empty-tentacled.
Ijyb zaps a wand.
The puff of flame hits you!
An orc comes into view. It is wielding a +0 dagger.
You take 11 damage, and have 25/38 hp.
MASSIVE DAMAGE!!
One of your tentacles grows a vicious spike.
The orc priest shouts!
Ijyb hits you with a +0 dagger.
You take 5 damage, and have 20/38 hp.
You now have 8/9 mp.
You closely miss Ijyb. You grab Ijyb.
You pierce Ijyb, but do no damage.
You squeeze Ijyb, but do no damage. You constrict Ijyb, but do no damage.
You tentacle-slap Ijyb.
You pierce Ijyb, but do no damage.
Your squeeze misses Ijyb.
Your transformation is almost over.
You constrict Ijyb. Ijyb hits you with a +0 dagger.
The orc priest calls down the wrath of Beogh upon you.
Pain shoots through your body!
* * * LOW HITPOINT WARNING * * *
You take 10 damage, and have 10/38 hp.
MASSIVE DAMAGE!!
It was a potion of berserk rage.
A red film seems to cover your vision as you go berserk!
You feel yourself moving faster!
You feel mighty!
You constrict Ijyb.
Ijyb zaps a wand.
The puff of flame hits you!
* * * LOW HITPOINT WARNING * * *
You now have 4/57 hp.
You are too injured to fight recklessly!
You are too berserk!
You tentacle-slap Ijyb. You squeeze Ijyb! You constrict Ijyb.
You kill Ijyb!
You closely miss the orc priest. You grab the orc priest.
You pierce the orc priest!
You constrict the orc priest. The orc priest misses you.
You tentacle-slap the orc priest.
You kill the orc priest!
You bludgeon the orc!
You kill the orc!
An orc comes into view. It is wielding a +0 trident.
The orc shouts!
You feel a strong urge to attack something.
MP restored: 9 You are no longer berserk.
You are exhausted.
You feel yourself slow down.
You now have 4/38 hp.
Your tentacle spike disappears.
You aren't carrying any items that you can evoke.
You feel better.
The orc hits you from afar with a +0 trident.
* * * LOW HITPOINT WARNING * * *
One of your tentacles grows a vicious spike.
The orc hits you from afar with a +0 trident.
* * * LOW HITPOINT WARNING * * *
The orc closely misses you.
You take 2 damage, and have 6/38 hp.
You now have 8/9 mp.
The orc hits you with a +0 trident.
* * * LOW HITPOINT WARNING * * *
You take 1 damage, and have 5/38 hp.
You tentacle-slap the orc but do no damage.
Your grab misses the orc.
You pierce the orc.
The orc barely misses you. The orc hits you with a +0 trident.
You die...

#... #)...#...........#..##...
....####....>......####.##...#...
...................##...###..#...
....#....#....(..................
....))##..##.............#.......
#..)...#...#......#......##.)....
#.##.......#.....)..####.##......
##..o........o.......####....##
#........#...#@†.#...#.#...#...
#....#...#...##..#.............
##..###..#o..##................
#### #......#..........##.....
##...#####.##....####...# ##.##
####....##...... ###
########..... ####.. #.#


You could see an orc.

Vanquished Creatures
  A phantom (D:4)
  A scorpion (D:3)
  An orc priest (D:4)
  Ijyb (D:4)
  Terence (D:2)
  An iguana (D:4)
  4 adders
  2 dart slugs
  2 orcs
  4 ball pythons
  7 endoplasms
  5 giant cockroaches
  10 goblins
  7 hobgoblins
  4 quokkas
  5 bats
  3 frilled lizards (D:2)
  10 kobolds
  3 rats
72 creatures vanquished.

Notes
Turn   | Place    | Note
-------+----------+-------------------------------------------
     0 | D:1      | OTABOTABOTAB the Octopode Transmuter began the quest for
                  | the Orb.
     0 | D:1      | Reached XP level 1. HP: 13/13 MP: 3/3
   272 | D:1      | Reached XP level 2. HP: 16/18 MP: 3/5
   313 | D:1      | Reached skill level 1 in Ice Magic
   784 | D:2      | Reached XP level 3. HP: 13/23 MP: 4/6
  1325 | D:2      | Noticed Terence
  1336 | D:2      | Killed Terence
  1337 | D:2      | Reached skill level 3 in Transmutations
  1337 | D:2      | Reached skill level 2 in Ice Magic
  1337 | D:2      | Reached XP level 4. HP: 11/28 MP: 5/7
  1830 | D:3      | Noticed a scorpion
  1842 | D:3      | Killed a scorpion
  1843 | D:3      | Reached skill level 4 in Unarmed Combat
  1843 | D:3      | Reached XP level 5. HP: 22/33 MP: 6/8
  2074 | D:3      | Identified the +5 spear of Taophy {flame, rF+ MP-9 Str+2
                  | Dex+2}
  2223 | D:3      | Found an ornate altar of the Wu Jian Council.
  2224 | D:3      | Found a blossoming altar of Fedhas.
  2329 | D:3      | Found a stormy altar of Qazlal.
  2332 | D:3      | Found a bloodstained altar of Trog.
  2574 | D:4      | Noticed a phantom
  2588 | D:4      | Killed a phantom
  2589 | D:4      | Reached skill level 3 in Ice Magic
  2589 | D:4      | Reached XP level 6. HP: 20/38 MP: 9/9
  2689 | D:4      | HP: 3/38 [iguana (14)]
  2695 | D:4      | Reached skill level 4 in Transmutations
  3000 | D:4      | Learned a level 2 spell: Wereblood
  3005 | D:4      | Learned a level 4 spell: Ice Form
  3058 | D:4      | Noticed Ijyb
  3067 | D:4      | HP: 4/57 [Ijyb/puff of flame (12)]
  3068 | D:4      | Killed Ijyb
  3086 | D:4      | HP: 8/38 [orc/+0 trident (5)]
  3089 | D:4      | Slain by an orc

Illustrated notes

Levels and vault maps discovered:
D:1:      dpeg_arrival_water_fire, layout_basic
D:2:      layout_basic, corexii_item_surrounded_by_moat, minmay_splitting_lines,
          kennysheep_generic_room_2, uniq_terence
D:3:      layout_loops_ring, nicolae_overflow_two_pavilions, minitemple
D:4:      layout_cave_pools, uniq_ijyb

Skill      XL: |  1  2  3  4  5  6 |
---------------+-------------------+-----
Ice Magic      | 1 2 3 |  3.5
Transmutations | 3 4 |  4.1
Unarmed Combat | 4 |  4.8
Fighting       | |  1.0
Dodging        | |  2.0
Spellcasting   | |  2.0

Action                   |  1- 3 |  4- 6 || total
-------------------------+-------+-------++-------
Melee: Unarmed           |    54 |    69 ||   123
       Constrict         |    15 |    14 ||    29
       Tentacles         |    14 |    14 ||    28
       Kick              |     8 |    15 ||    23
       Punch             |     1 |     2 ||     3
 Fire: Sling             |    47 |    36 ||    83
 Cast: Beastly Appendage |     5 |     6 ||    11
 Abil: End Transformatio |     3 |     3 ||     6
  Use: Scroll            |       |     1 ||     1
       Potion            |       |     4 ||     4
 Stab: Sleeping          |     2 |       ||     2
       Distracted        |       |     1 ||     1
Armor: Skin              |     6 |     2 ||     8
Dodge: Dodged            |    42 |    40 ||    82

Table legend: (Time is in decaauts)
 A = Elapsed time spent in this place.
 B = Non-inter-level travel time spent in this place.
 C = Inter-level travel time spent in this place.
 D = Time resting spent in this place.
 E = Time spent auto-exploring this place.
 F = Levels seen in this place.
 G = Mean time per level.
                   A        B        C        D        E       F      G
               +--------+--------+--------+--------+--------+-----+--------+
         Total |   3118 |   3032 |     86 |    427 |   2103 |   4 |  779.5 |
       Dungeon |   3118 |   3032 |     86 |    427 |   2103 |   4 |  779.5 |
               +--------+--------+--------+--------+--------+-----+--------+

Top non-repeatable levels by time:
     D:2: 1137 daAuts
     D:3: 684 daAuts
     D:4: 666 daAuts
     D:1: 629 daAuts

Table legend:
 A = Kills in this place as a percentage of kills in entire the game.
 B = Kills by you in this place as a percentage of kills by you in the entire game.
 C = Kills by friends in this place as a percentage of kills by friends in the entire game.
 D = Other kills in this place as a percentage of other kills in the entire game.
 E = Experience gained in this place as a percentage of experience gained in the entire game.
 F = Experience gained in this place divided by the number of levels of this place that you have seen.
                   A       B       C       D       E      F
               +-------+-------+-------+-------+-------+----------------------
         Total | 100.0 | 100.0 |   N/A |   N/A | 100.0 | 124.0
       Dungeon | 100.0 | 100.0 |   N/A |   N/A | 100.0 | 124.0
               +-------+-------+-------+-------+-------+----------------------
